 Dungeon Crawl Stone Soup version 0.27.1-2-g3b301248ec (webtiles) character file.

Game seed: 14201436354412414712

17 nxtlvl the Chopper (level 2, -2/26 HPs)
             Began as a Hill Orc Monk on Sept 25, 2021.
             Slain by an orc (4 damage)
             ... on level 3 of the Dungeon.
             The game lasted 00:02:17 (360 turns).

nxtlvl the Chopper (Hill Orc Monk)                   Turns: 360, Time: 00:02:19

Health: -2/26      AC:  5    Str: 13    XL:     2   Next: 62%
Magic:  2/2        EV: 11    Int: 10    God:
Gold:   43         SH:  0    Dex: 13    Spells: 1/1 levels left

rFire    . . .     SeeInvis .   a - +0 hand axe
rCold    . . .     Faith    .   (no shield)
rNeg     . . .     Spirit   .   c - +0 ring mail
rPois    .         Reflect  .   (no helmet)
rElec    .         Harm     .   (no cloak)
rCorr    .         Rampage  .   (no gloves)
Will     .....                  (no boots)
Stlth    ..........             (no amulet)
HPRegen  0.08/turn              (no ring)
MPRegen  0.08/turn              (no ring)

@: confused
A: no striking features
a: no special abilities


You were on level 3 of the Dungeon.
You visited 1 branch of the dungeon, and saw 3 of its levels.

You collected 43 gold pieces.

Inventory:

Hand Weapons
 a - a +0 hand axe (weapon)
Missiles
 d - 6 bolts
 f - 21 sling bullets
 g - 16 arrows
Armour
 c - a +0 ring mail (worn)
Scrolls
 e - a scroll of torment {unknown}


   Skills:
 - Level 3.6 Fighting
 * Level 5.2 Axes
 - Level 2.4 Dodging
 - Level 1.5 Stealth


You had one spell level left.
You didn't know any spells.
Your spell library contained the following spells:

 Spells                   Type           Power      Damage    Failure   Level
 Frozen Ramparts          Ice            0%         1d2       94%         3
 Ice Form                 Ice/Tmut       0%         N/A       100%        4
 Summon Ice Beast         Ice/Summ       0%         N/A       100%        4


Dungeon Overview and Level Annotations

Branches:
Dungeon (3/15)

Altars:

Annotations:
D:2 Jessica


Message History

The orc hits you with a +0 whip.
You are too injured to fight recklessly!
You closely miss the orc.
The orc is heavily wounded.
The orc closely misses you.
You slash the orc!
You kill the orc!
You hit the orc.
The orc is heavily wounded.
The orc hits you but does no damage.
You closely miss the orc.
The orc is heavily wounded.
The orc barely misses you.
You hit the orc.
You kill the orc!
Items here: )) [ †.
Okay, then.
You now have 43 gold pieces (gained 7).
An orc comes into view. It is wielding a +0 war axe.
The orc shouts!
An orc comes into view. It is wielding a +0 whip.
The orc shouts! x2
The orc moves out of view.
An orc wizard comes into view. It is wielding a +0 dagger.
The orc wizard moves out of view.
The orc wizard points at you and mumbles some strange words.
You are confused.
You bump into the stone wall.
You aren't carrying any potions.
The orc hits you with a +0 mace. The orc hits you but does no damage.
The orc hits you with a +0 whip.
* * * LOW HITPOINT WARNING * * *
You miss the orc. You closely miss the orc. You hit the orc.
The orc wizard gestures wildly while chanting.
The orc wizard flickers and vanishes!
Deactivating autopickup; reactivate with Ctrl-A.
The orc completely misses you. The orc hits you with a +0 mace.
* * * LOW HITPOINT WARNING * * *
The orc hits you with a +0 whip.
You die...

#.......##)##.####
#.##.##.#...#.....
#.#...#)..........
#...........#.....
#.#..)..#..##.....
#.##..###.........
#......###..##....
#..##..#.o$..#....
#..#...o@........
#.......o#...#....
#..#...#{##.##....
##.##.. ... ...
... ... .... ..
### .........
..... .... ......


You could see 3 orcs.

Vanquished Creatures
  2 orcs (D:3)
  A ball python (D:2)
  3 endoplasms
  2 goblins
  A hobgoblin (D:1)
  A quokka (D:1)
  A bat (D:1)
  A kobold (D:3)
  2 rats
14 creatures vanquished.

Notes
Turn   | Place    | Note
-------+----------+-------------------------------------------
     0 | D:1      | nxtlvl the Hill Orc Monk began the quest for the Orb.
     0 | D:1      | Reached XP level 1. HP: 19/19 MP: 1/1
   170 | D:2      | Reached XP level 2. HP: 22/26 MP: 2/2
   171 | D:2      | Noticed Jessica
   318 | D:3      | Reached skill level 5 in Axes
   360 | D:3      | Slain by an orc

Illustrated notes

Levels and vault maps discovered:
D:1:      psy_arrival_statuary, layout_loops_ring, minmay_tromino_v4_b
D:2:      layout_basic, serial_shops, nicolae_shop_behind_doors, shop,
          uniq_jessica
D:3:      layout_basic, corexii_leaking_fountain,
          hangedman_decor_clover_reticule

Skill      XL: |  1  2 |
---------------+-------+-----
Axes           | 5 |  5.2
Fighting       | |  3.6
Dodging        | |  2.4
Stealth        | |  1.5

Action                   || total
-------------------------++-------
Melee: Hand axe          ||    43
 Stab: Sleeping          ||     3
Armor: Robe              ||     4
       Ring mail         ||     6
Dodge: Dodged            ||    21
